 Dungeon Crawl Stone Soup version 0.19-a0-1225-gf887c1c (webtiles) character file.

5742 LORDOFBUTT the Fighter (level 10, -2/96 HPs)
             Began as a Minotaur Berserker on Aug 26, 2016.
             Was an Elder of Trog.
             Slain by a raiju (8 damage)
             ... on level 2 of the Abyss.
             The game lasted 00:12:08 (6610 turns).

LORDOFBUTT the Fighter (Minotaur Berserker)         Turns: 6610, Time: 00:12:09

Health: -2/96      AC: 11    Str: 23    XL:     10   Next: 49%
Magic:  10/10      EV: 16    Int:  4    God:    Trog [****..]
Gold:   552        SH:  0    Dex: 12    Spells: 0 memorised, 9 levels left

rFire  + . .     SeeInvis .     l - +0 whip (freeze)
rCold  + . .     Gourm    .     g - +1 ring mail {rC+}
rNeg   . . .     Faith    .     (no shield)
rPois  .         Spirit   .     (helmet restricted)
rElec  .         Dismiss  .     f - +2 cloak {+Inv}
rCorr  .         Reflect  .     E - +1 pair of gloves
MR     .....     Harm     .     (no boots)
Stlth  +.........               (no amulet)
                                (no ring)
                                y - ring of protection from fire

@: no status effects
A: retaliatory headbutt, horns 2
a: Berserk, Trog's Hand, Brothers in Arms, Burn Spellbooks, Renounce Religion,
Evoke Invisibility


You were on level 2 of the Abyss.
You worshipped Trog.
Trog was greatly pleased with you.
You were not hungry.

You visited 1 branch of the dungeon, and saw 9 of its levels.
You visited the Abyss 1 time.

You collected 552 gold pieces.

Inventory:

Hand Weapons
 l - a +0 whip of freezing (weapon)
 x - a +2 mace
Missiles
 q - 8 poisoned needles
Armour
 f - a +2 cloak of invisibility (worn)
 g - a +1 ring mail of cold resistance (worn)
 E - a +1 pair of gloves (worn)
Jewellery
 p - an uncursed amulet of harm {unknown}
 y - a ring of protection from fire (left hand)
 z - an uncursed ring of protection from cold
 F - an uncursed ring of poison resistance
Wands
 b - a wand of iceblast (8/15)
 L - a wand of iceblast (7/15)
Scrolls
 a - 3 scrolls of remove curse
 h - a scroll of fear {unknown}
 k - 3 scrolls of fog
 t - 2 scrolls of noise {unknown}
 w - a scroll of enchant armour {unknown}
 A - a scroll of magic mapping {unknown}
 D - a scroll of blinking {unknown}
Potions
 e - 3 potions of heal wounds {unknown}
 i - 5 potions of curing
 j - a potion of magic
 m - a potion of invisibility
 o - 2 potions of flight {unknown}
 r - 2 potions of cancellation {unknown}
 s - a potion of experience {unknown}
 u - 3 potions of brilliance
 v - a potion of haste
 B - a potion of agility {unknown}
 C - a potion of berserk rage {unknown}
 G - 3 potions of cure mutation {unknown}
 H - 4 potions of degeneration {unknown}
 I - 2 potions of lignification {unknown}
Books
 K - a Fen Folio

   Spells                             Type                      Level
   a - Corpse Rot                     Necromancy                   2
   b - Stone Arrow                    Conjuration/Earth            3
   c - Leda's Liquefaction            Hexes/Earth                  4
   d - Summon Forest                  Summoning/Translocation      5
   e - Hydra Form                     Transmutation                6
   f - Summon Hydra                   Summoning                    7
   Trog disapproves of the use of such an item.
Comestibles
 c - 6 bread rations
 d - a meat ration
 n - 3 royal jellies


   Skills:
 * Level 11.4 Fighting
 * Level 11.2 Maces & Flails
 - Level 2.8 Armour
 * Level 9.9 Dodging
 + Level 1.5 Evocations


You had 9 spell levels left.
You didn't know any spells.

Dungeon Overview and Level Annotations

Branches:
Dungeon (9/15)             Temple (0/1) D:4
   Lair: D:8-11         Orc: D:9-12

Altars:
Cheibriados
Elyvilon
Xom
Zin
The Shining One

Annotations:
D:9 Erolcha


Innate Abilities, Weirdness & Mutations

You reflexively headbutt those who attack you in melee.
You have a pair of horns on your head.


Message History

Your two-headed ogre barely misses the raiju.
The raiju bites your two-headed ogre! The raiju shocks your two-headed ogre!
Your two-headed ogre barely misses the raiju.
Your two-headed ogre completely misses the raiju.
The raiju bites your two-headed ogre. The raiju shocks your two-headed ogre!
Your two-headed ogre closely misses the raiju. x2
The raiju bites your two-headed ogre!
Your two-headed ogre dies!
Your two-headed ogre's corpse disappears in a puff of smoke!
A ynoxinul comes into view.
Your ogre goes berserk!
You feel quite a bit more hungry.
The ynoxinul bellows!
A smoke demon comes into view.
You completely miss the raiju.
The raiju is heavily wounded.
You hit the raiju. You freeze the raiju.
The raiju is heavily wounded.
Your ogre barely misses the raiju.
The raiju bites you!
You die...

# .# # #. ##.##. ### .#
.#.>. ##.### #.# #
#....#.# #.###.# ..
##.##.#.###.##..##... #
. ....?..Oh.........
.....
.........@.............
. .#.....#.....#.....#.
.. # ##...###3..###.. #
. # .. . #.....# .
.#... .# .......
/........ .... . ......
............. ....
....ยง........3... .. .
. ..#.....#.....#.. . #
...###...###...###...#


You could see a smoke demon, a raiju, a ynoxinul and a friendly ogre (berserk).

Vanquished Creatures
  A catoblepas (D:8)
  A sixfirhy (Abyss:2)
  Pikel (D:7)
  A raiju (Abyss:2)
  A wyvern (D:8)
  A spriggan (D:7)
  A neqoxec (Abyss:2)
  A water moccasin (D:8)
  Duvessa (D:7)
  An ice beast (D:8)
  A black bear (D:9)
  A phantom (D:7)
  A necrophage (D:6)
  2 orc warriors
  5 ogres
  A centaur (D:8)
  3 giant frogs
  Dowan (D:7)
  A scorpion (D:7)
  A wight (D:5)
  A howler monkey (D:8)
  5 crimson imps
  4 hounds
  Crazy Yiuf (D:7)
  A centaur skeleton (D:6)
  3 orc wizards
  3 worker ants
  A hound skeleton (D:6)
  Robin (D:2)
  5 gnolls
  A howler monkey skeleton (D:5)
  A worker ant zombie (D:5)
  7 adders
  A shadow imp (D:5)
  An ooze (D:3)
  An adder zombie (D:5)
  An adder skeleton (D:6)
  2 worms
  2 dart slugs
  2 giant geckos
  18 orcs
  5 giant cockroaches
  13 goblins
  17 hobgoblins
  23 jackals
  6 kobolds
  6 quokkas
  4 bats
  5 giant newts
  A jackal zombie (D:7)
  A quokka skeleton (D:3)
  A quokka zombie (D:5)
  10 rats
181 creatures vanquished.

Vanquished Creatures (collateral kills)
  A sixfirhy (Abyss:2)
  A hill giant (D:8)
  A gargoyle (D:8)
  A wyvern zombie (D:8)
4 creatures vanquished.

Vanquished Creatures (others)
  A slave (D:7)
  A quasit (D:7)
  A giant gecko (D:7)
  A fungus (D:7)
4 creatures vanquished.

Grand Total: 189 creatures vanquished

Notes
Turn   | Place    | Note
-------+----------+-------------------------------------------
     0 | D:1      | LORDOFBUTT the Minotaur Berserker began the quest for the Orb.
     0 | D:1      | Reached XP level 1. HP: 19/19 MP: 0/0
    17 | D:1      | Reached XP level 2. HP: 14/27 MP: 1/1
   270 | D:1      | Reached XP level 3. HP: 6/33 MP: 2/2
   872 | D:2      | Found a faded altar of an unknown god.
   879 | D:2      | Reached ** piety under Trog
  1206 | D:2      | Noticed Robin
  1207 | D:2      | Reached XP level 4. HP: 41/41 MP: 3/3
  1222 | D:2      | Killed Robin
  1580 | D:2      | Noticed a giant frog
  1682 | D:3      | Reached skill level 5 in Fighting
  1835 | D:3      | Reached *** piety under Trog
  1861 | D:3      | Reached XP level 5. HP: 48/48 MP: 4/4
  2358 | D:4      | Reached skill level 5 in Maces & Flails
  2484 | D:4      | Found a staircase to the Ecumenical Temple.
  2746 | D:4      | Found a white marble altar of Elyvilon.
  2747 | D:4      | Found a glowing silver altar of Zin.
  2748 | D:4      | Found a glowing golden altar of the Shining One.
  3026 | D:5      | Entered Level 5 of the Dungeon
  3107 | D:5      | Reached XP level 6. HP: 50/56 MP: 5/5
  3479 | D:5      | Found a snail-covered altar of Cheibriados.
  3593 | D:5      | Reached **** piety under Trog
  3593 | D:5      | Reached XP level 7. HP: 54/64 MP: 6/6
  3608 | D:5      | Reached skill level 5 in Dodging
  3948 | D:6      | Found a shimmering altar of Xom.
  4127 | D:6      | You fall through a shaft!
  4152 | D:7      | Reached XP level 8. HP: 46/73 MP: 7/7
  4834 | D:7      | Noticed Duvessa
  4834 | D:7      | Noticed Dowan
  4843 | D:7      | Killed Duvessa
  4860 | D:7      | Killed Dowan
  5082 | D:7      | Noticed Pikel
  5093 | D:7      | Killed Pikel
  5114 | D:7      | Found a runed door.
  5147 | D:7      | Noticed Crazy Yiuf
  5151 | D:7      | Killed Crazy Yiuf
  5312 | D:7      | Reached XP level 9. HP: 73/83 MP: 8/8
  5446 | D:8      | Noticed a hill giant
  5449 | D:8      | Noticed a gargoyle
  5628 | D:8      | Killed a gargoyle
  5630 | D:8      | Killed a hill giant
  5633 | D:8      | Reached skill level 10 in Fighting
  5668 | D:8      | Reached skill level 10 in Maces & Flails
  5687 | D:8      | Noticed a hill giant
  5691 | D:8      | Noticed a catoblepas
  5817 | D:8      | Killed a catoblepas
  6090 | D:8      | Reached XP level 10. HP: 94/94 MP: 9/9
  6500 | D:9      | Noticed Erolcha
  6502 | D:9      | Cast into level 2 of the Abyss (Erolcha)
  6543 | Abyss:2  | Noticed a sixfirhy
  6545 | Abyss:2  | Noticed a cacodemon
  6560 | Abyss:2  | Killed a sixfirhy
  6560 | Abyss:2  | Reached skill level 1 in Evocations
  6594 | Abyss:2  | Noticed a sixfirhy
  6600 | Abyss:2  | Killed a sixfirhy
  6600 | Abyss:2  | HP: 4/96 [raiju/living lightning (9)]
  6609 | Abyss:2  | Noticed a smoke demon
  6610 | Abyss:2  | Slain by a raiju

Vault maps used:
D:1:      dpeg_arrival_fog, corner_web_ring
D:2:      ecumenical_altar_1, lightli_corner_chamber, uniq_robin
D:4:      good_gods_temple_1, minmay_misc_feat_alley
D:5:      kennysheep_little_box, first_bread
D:6:      overflow_temple_1_default
D:7:      the_bakery, uniq_duvessa, uniq_pikel, uniq_crazy_yiuf_cottage,
          uniq_prince_ribbit1
D:8:      minmay_misc_feat_room, kb_rosetta
D:9:      fedhas_altar_4, kennysheep_mini_moat, lair_0_dummy,
          hangedman_decor_growths, uniq_erolcha
Abyss:2:  hangedman_abyss_or_decor_lesser_grid

Skill      XL: |  1  2  3  4  5  6  7  8  9 10 |
---------------+-------------------------------+-----
Fighting       | 4 5 6 7 9 10 11 | 11.4
Maces & Flails | 4 5 6 7 9 10 11 | 11.2
Dodging        | 3 4 5 7 9 |  9.9
Evocations     | 1 |  1.5
Armour         | |  2.8

Action                   |  1- 3 |  4- 6 |  7- 9 | 10-12 || total
-------------------------+-------+-------+-------+-------++-------
Melee: Mace              |     8 |    37 |   110 |       ||   155
       Flail             |    84 |   136 |       |       ||   220
       Headbutt          |     7 |    30 |    36 |    18 ||    91
       Whip              |       |       |    98 |    65 ||   163
Invok: Brothers in Arms  |       |       |     2 |     2 ||     4
       Berserk           |       |       |     2 |     1 ||     3
  Use: Scroll            |     3 |    10 |     1 |     1 ||    15
  Eat: Chunk             |       |     3 |       |       ||     3
       Fruit             |       |     5 |       |       ||     5
       Meat ration       |       |     1 |       |     1 ||     2
       Beef jerky        |       |       |     2 |       ||     2
       Pizza             |       |       |     1 |       ||     1
       Bread ration      |       |       |     1 |       ||     1
Armor: Animal skin       |     6 |       |       |       ||     6
       Ring mail         |    30 |    60 |    58 |    28 ||   176
Dodge: Dodged            |    52 |   131 |   122 |    37 ||   342
